 Dungeon Crawl Stone Soup version 0.29.0-4-gdea44cf6ec (webtiles) character file.

Game seed: 3112865075855145632

3935 qw the Cleaver (level 10, -5/61 HPs)
             Began as a Tengu Warper on Aug 28, 2022.
             Slain by a troll (10 damage)
             ... on level 7 of the Dungeon.
             The game lasted 00:00:51 (8228 turns).

qw the Cleaver (Tengu Warper)                       Turns: 8228, Time: 00:00:52

Health: -5/61      AC: 14    Str: 16    XL:     10   Next: 21%
Magic:  14/14      EV: 12    Int: 13    God:
Gold:   514        SH:  5    Dex: 14    Spells: 13/13 levels left

rFire   + . .      SeeInvis .   n - +0 war axe
rCold   . . .      Faith    .   j - +0 buckler
rNeg    . . .      Spirit   .   i - +0 scale mail {rPois}
rPois   +          Reflect  .   (helmet restricted)
rElec   .          Harm     .   (no cloak)
rCorr   .          Rampage  .   e - +2 pair of gloves
Will    .....                   (boots unavailable)
Stlth   ..........              (no amulet)
HPRegen 0.20/turn               f - +4 ring of protection
MPRegen 0.14/turn               l - ring of protection from fire

@: flying quickly and evasively, quick
A: beak, talons 3, nimble flight
a: no special abilities


You were on level 7 of the Dungeon.
You visited 2 branches of the dungeon, and saw 8 of its levels.
You also visited: Sewer.

You collected 613 gold pieces.
You spent 99 gold pieces at shops.


Innate Abilities, Weirdness & Mutations

You have a beak for a mouth.
You have claws for feet.
Your magical nature lets you fly swiftly and evasively.


   Skills:
 - Level 6.5 Fighting
 + Level 12.9 Axes
 - Level 1.0 Throwing
 - Level 3.2 Armour
 - Level 4.2 Dodging
 - Level 3.1 Shields
 - Level 2.0 Spellcasting
 - Level 2.4 Translocations


You had 13 spell levels left.
You didn't know any spells.
Your spell library contained the following spells:

 Spells                   Type           Power      Damage    Failure   Level
 Blink                    Tloc           14%        N/A       56%         2
 Gell's Gravitas          Tloc           7%         N/A       80%         3
 Lesser Beckoning         Tloc           7%         N/A       80%         3
 Teleport Other           Tloc           7%         N/A       80%         3
 Manifold Assault         Tloc           7%         N/A       100%        5

Inventory:

Hand Weapons
 k - a +0 morningstar
 n - a +0 war axe (weapon)
Missiles
 o - a boomerang (quivered)
Armour
 e - a +2 pair of gloves (worn)
 i - a +0 scale mail of poison resistance (worn)
 j - a +0 buckler (worn)
 m - the +1 ring mail "Siept" {Regen+ Str+5}
   (You found it in a sewer)

   Str:       It affects your strength (+5).
   Regen:     It increases your rate of health regeneration.
 p - a +0 plate armour
Jewellery
 d - a ring of poison resistance
 f - a +4 ring of protection (left hand)
 l - a ring of protection from fire (right hand)
Scrolls
 c - 5 scrolls of identify
Potions
 a - a potion of haste
 g - a potion of curing
 h - 3 potions of might

Dungeon Overview and Level Annotations

Branches:
Dungeon (7/15)             Temple (1/1) D:5           Sewer (visited)

Altars:
Cheibriados
Dithmenos
Elyvilon
Gozag
Hepliaklqana
Makhleb
Nemelex Xobeh
Qazlal
Sif Muna
Trog
Uskayaw
Vehumet
Xom
Zin
The Shining One

Shops:
D:2 ??:


Message History

The deep elf pyromancer hits you with the +5 scimitar "Waxikag" {venom, Int+10}!
8217 ||| DRINKING potion of heal wounds.
You feel much better.
The deep elf pyromancer points at you and mumbles some strange words.
The bolt of fire hits you. You resist.
You slash the deep elf pyromancer! You claw the deep elf pyromancer!
The deep elf pyromancer is severely wounded.
The deep elf pyromancer hits you but does no damage.
You are poisoned.
You hit the deep elf pyromancer but do no damage.
You claw the deep elf pyromancer.
The deep elf pyromancer is severely wounded.
You feel sick.
You closely miss the deep elf pyromancer.
You claw the deep elf pyromancer!
The deep elf pyromancer is almost dead.
You feel sick.
The deep elf pyromancer hits you but does no damage.
You hit the deep elf pyromancer.
You kill the deep elf pyromancer!
You feel sick.
You start resting.
You feel sick. x3
You are no longer poisoned.
A troll comes into view.
You barely miss the troll. The troll bites you. You block the troll's attack.
The troll claws you.
You barely miss the troll. You claw the troll, but do no damage.
You peck the troll, but do no damage. You block the troll's attack.
The troll barely misses you. x2
You hit the troll.
The troll is lightly wounded.
You hear a shout!
The troll bites you! The troll claws you but does no damage.
The troll claws you.
You hit the troll. You claw the troll, but do no damage.
Your peck misses the troll.
The troll is moderately wounded.
The troll bites you but does no damage. The troll claws you!
You die...

#########....##...##...#
#.....#7...7#...#
##...##.....##..#
##..#7..7..7#..#
##.##..P....##.##
##..#7.......7#..##
##..##..7.7.7..##..###
#..##.#########.##.##.
###.##[@# ..#..#.
##...##T## ##...
#....#.#'.lT... #..#
####.#.##.##.#[o## ##.#
#..<...#.##### )# #..
#.###.##.#[## ##.
#.##..#.##..# #.
#.##.##.#...## ##
#.#..#.##....# #


You could see a troll.

Vanquished Creatures
  Pikel (D:7)
  A deep elf pyromancer (D:7)
  A komodo dragon (D:7)
  A troll (D:7)
  A hornet (D:7)
  A steam dragon (D:5)
  3 water moccasins
  3 ice beasts
  Pargi (Sewer)
  An orc warrior (D:7)
  2 black bears
  An ogre (D:6)
  Blork the orc (D:4)
  A kobold brigand (D:7)
  2 necrophages
  2 bullfrogs (D:7)
  5 scorpions
  A hound (D:4)
  A jelly (D:6)
  A gnoll bouda (D:6)
  2 orc priests
  5 iguanas
  2 orc wizards
  9 gnolls
  9 adders
  2 shadow imps
  A white imp (D:7)
  3 worms
  16 orcs
  3 ball pythons
  3 bats
  2 endoplasms
  4 giant cockroaches
  3 goblins (D:4)
  5 hobgoblins
  3 quokkas
  6 frilled lizards
  7 kobolds
  4 rats
120 creatures vanquished.

Vanquished Creatures (others)
  2 plants (D:7)
2 creatures vanquished.

Grand Total: 122 creatures vanquished

Notes
Turn   | Place    | Note
-------+----------+-------------------------------------------
     0 | D:1      | qw the Tengu Warper began the quest for the Orb.
     0 | D:1      | Reached XP level 1. HP: 12/12 MP: 4/4
     0 | D:1      | 0 ||| qw: Version: 0.1-a-89-g26bdef1
     0 | D:1      | 0 ||| qw: Game counter: 2101
     0 | D:1      | 0 ||| qw: Always use a shield: true
     0 | D:1      | 0 ||| qw: God list: Okawaru
     0 | D:1      | 0 ||| qw: Allow faded altars: false
     0 | D:1      | 0 ||| qw: Do Orc after D:15 true
     0 | D:1      | 0 ||| qw: Do second Lair branch before Depths: true
     0 | D:1      | 0 ||| qw: Lair rune preference: random
     0 | D:1      | 0 ||| qw: Plans: Normal
     0 | D:1      | 0 ||| PLANNING D:1-11
   273 | D:1      | Reached skill level 3 in Axes
   273 | D:1      | Reached XP level 2. HP: 17/17 MP: 6/6
   673 | D:1      | 673 ||| UPGRADING to +2 pair of gloves.
   678 | D:1      | 678 ||| UPGRADING to +0 scale mail of poison resistance.
   688 | D:1      | 688 ||| DROPPING +0 leather armour.
   689 | D:1      | 689 ||| READING scroll labelled XUIXIPHO FEIJ.
   690 | D:1      | 690 ||| READING scroll labelled XEXKOSHETA.
   691 | D:1      | 691 ||| READING scroll labelled WERAGI WAAGHA.
   696 | D:1      | 696 ||| READING scroll labelled LIQIOD IGRIDORGHE.
   697 | D:1      | 697 ||| DRINKING 2 lumpy red potions.
   698 | D:1      | 698 ||| DROPPING scroll of blinking.
   699 | D:1      | 699 ||| DROPPING potion of degeneration.
   790 | D:2      | Found a burning altar of Makhleb.
   862 | D:2      | Reached XP level 3. HP: 20/21 MP: 7/7
   898 | D:2      | Found Gonam's Magic Scroll Shop.
   908 | D:2      | 908 ||| BUYING scroll of enchant weapon (75 gold).
   908 | D:2      | Bought a scroll of enchant weapon for 75 gold pieces
   908 | D:2      | 908 ||| SHOPLISTING scroll of teleportation (30 gold, have
                  | 5).
   908 | D:2      | 908 ||| READING 2 scrolls of enchant weapon.
   908 | D:2      | 908 ||| ENCHANTING +0 hand axe.
   909 | D:2      | 909 ||| READING scroll of enchant weapon.
   909 | D:2      | 909 ||| ENCHANTING +1 hand axe.
   938 | D:2      | Found Nuemm's Book Shoppe.
   988 | D:2      | Found Oter's Magic Scroll Shop.
   996 | D:2      | 996 ||| SHOPLISTING scroll of enchant armour (90 gold, have
                  | 27).
   996 | D:2      | 996 ||| BUYING scroll of identify (24 gold).
   996 | D:2      | Bought a scroll of identify for 24 gold pieces
   996 | D:2      | 996 ||| SHOPLISTING scroll of identify (24 gold, have 3).
   996 | D:2      | 996 ||| SHOPLISTING scroll of teleportation (36 gold, have
                  | 3).
  1288 | D:2      | Noticed a scorpion
  1292 | D:2      | Killed a scorpion
  1293 | D:2      | Reached skill level 5 in Axes
  1293 | D:2      | Reached XP level 4. HP: 15/26 MP: 8/8
  1423 | D:2      | 1423 ||| DROPPING ring of magical power.
  1424 | D:2      | 1424 ||| UPGRADING to +4 ring of protection.
  1425 | D:2      | 1425 ||| READING scroll labelled DUALIS UMUW.
  1426 | D:2      | 1426 ||| DRINKING 2 bubbling red potions.
  1657 | D:3      | Found a snail-covered altar of Cheibriados.
  1806 | D:3      | Noticed an ice beast
  2034 | D:3      | Found a glowing golden altar of the Shining One.
  2164 | D:3      | 2164 ||| READING scroll labelled XOUX JIFIFI.
  2307 | D:3      | 2307 ||| READING 2 scrolls of identify.
  2307 | D:3      | 2307 ||| IDENTIFYING fizzy silvery potion
  2387 | D:4      | Noticed a black bear
  2397 | D:4      | Killed a black bear
  2398 | D:4      | Reached skill level 6 in Axes
  2398 | D:4      | Gained mutation: Your magical nature lets you fly swiftly
                  | and evasively. [Tengu growth]
  2398 | D:4      | Reached XP level 5. HP: 21/30 MP: 9/9
  2506 | D:4      | 2506 ||| READING scroll of enchant weapon.
  2506 | D:4      | 2506 ||| ENCHANTING +2 hand axe.
  2532 | D:4      | Noticed Blork the orc
  2543 | D:4      | Killed Blork the orc
  2544 | D:4      | Reached XP level 6. HP: 20/35 MP: 10/10
  2682 | D:4      | 2682 ||| DROPPING +0 club.
  2776 | D:4      | 2776 ||| Stepping ~*~*~tactically~*~*~ (stealth).
  2783 | D:4      | Reached skill level 7 in Axes
  2917 | D:4      | Found a shadowy altar of Dithmenos.
  2928 | D:4      | 2928 ||| READING scroll of teleportation.
  2974 | D:4      | 2974 ||| Stepping randomly (stuck).
  2975 | D:4      | 2975 ||| Stepping randomly (stuck).
  2976 | D:4      | 2976 ||| Stepping randomly (stuck).
  2977 | D:4      | 2977 ||| Stepping randomly (stuck).
  2978 | D:4      | 2978 ||| Stepping randomly (stuck).
  2979 | D:4      | 2979 ||| Stepping randomly (stuck).
  2980 | D:4      | 2980 ||| Stepping randomly (stuck).
  2981 | D:4      | 2981 ||| Stepping randomly (stuck).
  2982 | D:4      | 2982 ||| Stepping randomly (stuck).
  2983 | D:4      | 2983 ||| Stepping randomly (stuck).
  2984 | D:4      | 2984 ||| Stepping randomly (stuck).
  2985 | D:4      | 2985 ||| Stepping randomly (stuck).
  2986 | D:4      | 2986 ||| Stepping randomly (stuck).
  2987 | D:4      | 2987 ||| Stepping randomly (stuck).
  3006 | D:4      | 3006 ||| READING scroll of enchant weapon.
  3006 | D:4      | 3006 ||| ENCHANTING +3 hand axe.
  3396 | D:4      | 3396 ||| DRINKING 2 red potions.
  3405 | D:5      | Entered Level 5 of the Dungeon
  3418 | D:5      | Noticed an ice beast
  3427 | D:5      | Killed an ice beast
  3428 | D:5      | Reached skill level 3 in Fighting
  3607 | D:5      | Reached XP level 7. HP: 41/42 MP: 11/11
  3710 | D:5      | Reached skill level 8 in Axes
  3942 | D:5      | 3942 ||| Stepping ~*~*~tactically~*~*~ (stealth).
  3944 | D:5      | 3944 ||| Stepping ~*~*~tactically~*~*~ (hiding).
  4107 | D:5      | Noticed a steam dragon
  4118 | D:5      | HP: 3/42 [steam dragon] (8)]
  4119 | D:5      | 4119 ||| DRINKING 3 potions of heal wounds.
  4123 | D:5      | Killed a steam dragon
  4147 | D:5      | Reached XP level 8. HP: 27/48 MP: 12/12
  4548 | D:5      | Reached skill level 9 in Axes
  4826 | D:5      | Found a staircase to the Ecumenical Temple.
  4827 | D:5      | 4827 ||| PLANNING TEMPLE
  4827 | D:5      | 4827 ||| UPGRADING to +0 buckler.
  4832 | D:5      | 4832 ||| DRINKING 2 inky potions.
  4833 | D:5      | 4833 ||| READING 6 scrolls of identify.
  4833 | D:5      | 4833 ||| IDENTIFYING silvery potion
  4834 | D:5      | 4834 ||| READING 5 scrolls of identify.
  4834 | D:5      | 4834 ||| IDENTIFYING fizzy black potion
  4835 | D:5      | 4835 ||| DROPPING potion of lignification.
  4836 | D:5      | 4836 ||| DROPPING potion of flight.
  4837 | D:5      | 4837 ||| DROPPING potion of ambrosia.
  4846 | Temple   | Entered the Ecumenical Temple
  5335 | Temple   | 5335 ||| PLANNING D:1-11
  5533 | D:6      | 5533 ||| PLANNING SEWER
  5539 | D:6      | 5539 ||| Stepping ~*~*~tactically~*~*~ (hiding).
  5549 | D:6      | 5549 ||| FLEEEEING.
  5551 | D:6      | 5551 ||| FLEEEEING.
  5552 | D:6      | 5552 ||| FLEEEEING.
  5554 | D:6      | 5554 ||| STAIRDANCE
  5603 | D:6      | Reached skill level 1 in Shields
  5613 | D:6      | 5613 ||| Stepping ~*~*~tactically~*~*~ (stealth).
  5615 | D:6      | 5615 ||| Stepping ~*~*~tactically~*~*~ (hiding).
  6060 | D:6      | 6060 ||| Stepping ~*~*~tactically~*~*~ (stealth).
  6068 | D:6      | Reached skill level 3 in Dodging
  6069 | D:6      | 6069 ||| FLEEEEING.
  6070 | D:6      | 6070 ||| FLEEEEING.
  6071 | D:6      | 6071 ||| FLEEEEING.
  6088 | D:6      | 6088 ||| FLEEEEING.
  6105 | D:6      | 6105 ||| FLEEEEING.
  6250 | D:6      | Found a glowing drain.
  6251 | D:6      | 6251 ||| UPGRADING to ring of protection from fire.
  6252 | D:6      | 6252 ||| READING 2 scrolls labelled HAAHEOVUWK.
  6253 | D:6      | 6253 ||| READING scroll labelled COUTZE RAMAKO.
  6254 | D:6      | 6254 ||| READING scroll labelled GUMYRE PETSA.
  6255 | D:6      | 6255 ||| DROPPING scroll of magic mapping.
  6264 | Sewer    | Entered a sewer
  6291 | Sewer    | Noticed Pargi
  6301 | Sewer    | Killed Pargi
  6338 | Sewer    | Identified the +1 ring mail "Siept" {Regen+ Str+5}
  6412 | Sewer    | 6412 ||| DROPPING +0 chain mail.
  6422 | D:6      | 6422 ||| PLANNING D:1-11
  6511 | D:6      | Reached skill level 10 in Axes
  6759 | D:6      | Reached skill level 3 in Shields
  6967 | D:6      | 6967 ||| READING 6 scrolls of identify.
  6967 | D:6      | 6967 ||| IDENTIFYING orange potion
  7004 | D:7      | Reached XP level 9. HP: 45/53 MP: 13/13
  7004 | D:7      | 7004 ||| STAIRDANCE
  7055 | D:7      | 7055 ||| Stepping ~*~*~tactically~*~*~ (hiding).
  7124 | D:7      | 7124 ||| SWAPPING to +0 war axe.
  7126 | D:7      | 7126 ||| Stepping ~*~*~tactically~*~*~ (stealth).
  7230 | D:7      | 7230 ||| DROPPING +4 hand axe.
  7297 | D:7      | Noticed a hornet
  7298 | D:7      | 7298 ||| Stepping ~*~*~tactically~*~*~ (stealth).
  7299 | D:7      | 7299 ||| Stepping ~*~*~tactically~*~*~ (stealth).
  7314 | D:7      | Killed a hornet
  7442 | D:7      | Noticed Pikel
  7460 | D:7      | Killed Pikel
  7461 | D:7      | Reached skill level 11 in Axes
  7630 | D:7      | Reached skill level 3 in Armour
  7636 | D:7      | 7636 ||| FLEEEEING.
  7660 | D:7      | 7660 ||| Stepping ~*~*~tactically~*~*~ (stealth).
  7702 | D:7      | 7702 ||| FLEEEEING.
  7703 | D:7      | 7703 ||| FLEEEEING.
  7704 | D:7      | 7704 ||| FLEEEEING.
  7705 | D:7      | 7705 ||| FLEEEEING.
  7706 | D:7      | 7706 ||| FLEEEEING.
  7707 | D:7      | 7707 ||| FLEEEEING.
  7708 | D:7      | 7708 ||| FLEEEEING.
  7709 | D:7      | 7709 ||| FLEEEEING.
  7711 | D:7      | 7711 ||| FLEEEEING.
  7712 | D:7      | 7712 ||| FLEEEEING.
  7713 | D:7      | 7713 ||| FLEEEEING.
  7714 | D:7      | 7714 ||| FLEEEEING.
  7728 | D:7      | 7728 ||| FLEEEEING.
  7730 | D:7      | 7730 ||| FLEEEEING.
  7735 | D:7      | 7735 ||| FLEEEEING.
  7736 | D:7      | 7736 ||| FLEEEEING.
  7737 | D:7      | 7737 ||| FLEEEEING.
  7738 | D:7      | 7738 ||| FLEEEEING.
  7739 | D:7      | 7739 ||| FLEEEEING.
  7740 | D:7      | 7740 ||| FLEEEEING.
  7741 | D:7      | 7741 ||| FLEEEEING.
  7742 | D:7      | 7742 ||| FLEEEEING.
  7743 | D:7      | 7743 ||| FLEEEEING.
  7756 | D:7      | 7756 ||| FLEEEEING.
  7757 | D:7      | 7757 ||| FLEEEEING.
  7758 | D:7      | 7758 ||| FLEEEEING.
  7759 | D:7      | 7759 ||| FLEEEEING.
  7760 | D:7      | 7760 ||| FLEEEEING.
  7761 | D:7      | 7761 ||| FLEEEEING.
  7762 | D:7      | 7762 ||| FLEEEEING.
  7763 | D:7      | 7763 ||| FLEEEEING.
  7764 | D:7      | 7764 ||| FLEEEEING.
  7765 | D:7      | 7765 ||| FLEEEEING.
  7766 | D:7      | 7766 ||| FLEEEEING.
  7775 | D:7      | 7775 ||| FLEEEEING.
  7776 | D:7      | 7776 ||| FLEEEEING.
  7777 | D:7      | 7777 ||| FLEEEEING.
  7778 | D:7      | 7778 ||| FLEEEEING.
  7779 | D:7      | 7779 ||| FLEEEEING.
  7794 | D:7      | 7794 ||| FLEEEEING.
  7795 | D:7      | 7795 ||| FLEEEEING.
  7796 | D:7      | 7796 ||| FLEEEEING.
  7797 | D:7      | 7797 ||| FLEEEEING.
  7798 | D:7      | 7798 ||| FLEEEEING.
  7799 | D:7      | 7799 ||| FLEEEEING.
  7800 | D:7      | 7800 ||| FLEEEEING.
  7801 | D:7      | 7801 ||| FLEEEEING.
  7802 | D:7      | 7802 ||| FLEEEEING.
  7812 | D:7      | 7812 ||| STAIRDANCE
  7848 | D:6      | 7848 ||| DROPPING +6 ring of intelligence.
  8071 | D:7      | 8071 ||| Stepping ~*~*~tactically~*~*~ (stealth).
  8091 | D:7      | Reached skill level 12 in Axes
  8187 | D:7      | Noticed a komodo dragon
  8187 | D:7      | Noticed a troll
  8188 | D:7      | 8188 ||| Stepping ~*~*~tactically~*~*~ (hiding).
  8199 | D:7      | Killed a komodo dragon
  8200 | D:7      | Reached skill level 6 in Fighting
  8200 | D:7      | Reached XP level 10. HP: 27/61 MP: 14/14
  8202 | D:7      | HP: 13/61 [troll (4)]
  8203 | D:7      | 8203 ||| DRINKING 2 potions of heal wounds.
  8215 | D:7      | Identified the +5 scimitar "Waxikag" {venom, Int+10}
  8215 | D:7      | Noticed a deep elf pyromancer
  8216 | D:7      | HP: 10/61 [deep elf pyromancer/the +5 scimitar "Waxikag"
                  | {venom, Int+10} (10)]
  8217 | D:7      | 8217 ||| DRINKING potion of heal wounds.
  8221 | D:7      | Killed a deep elf pyromancer
  8227 | D:7      | HP: 7/61 [troll (13)]
  8228 | D:7      | Slain by a troll

Levels and vault maps discovered:
D:1:      psy_arrival_terrarium, layout_loops_ring
D:2:      layout_basic, basic_altar, serial_shops, nicolae_shop_statue_plus,
          nicolae_shop_behind_doors, shop
D:3:      layout_basic, mainiacjoe_overflow_swirl, grunt_decor_arrowhead,
          lightli_corner_chamber
D:4:      layout_loops_corners, amcnicky_altar_gilded, minmay_misc_feat_roman,
          minmay_diced_spiral, uniq_blork_the_orc
D:5:      layout_layer_cave, temple_hall
D:6:      layout_basic, cheibrodos_sewer_entry_sluice
D:7:      minmay_the_grid_triangle_9x9_recursive_2
          [minmay_the_grid_triangle_9x9_prize_schism,
          minmay_the_grid_triangle_9x9_cache,
          minmay_the_grid_triangle_9x9_longest,
          minmay_the_grid_triangle_9x9_shrine], layout_loops_corners,
          lemuel_zombie_altar_yredelemnul, mainiacjoe_overflow_divided_tiny,
          serial_shops, shop, grunt_ministairs_4, uniq_pikel
Temple:   chequers_temple_sunken

Skill      XL: |  1  2  3  4  5  6  7  8  9 |
---------------+----------------------------+-----
Axes           | 3 5 6 7 8 10 12 | 12.9
Fighting       | 3 4 6 |  6.5
Armour         | 2 3 |  3.2
Shields        | 3 |  3.1
Dodging        | 3 4 |  4.2
Throwing       | |  1.0
Spellcasting   | |  2.0
Translocations | |  2.4

Action                   |  1- 3 |  4- 6 |  7- 9 | 10-12 || total
-------------------------+-------+-------+-------+-------++-------
Melee: Hand axe          |    38 |    75 |   202 |       ||   315
       Peck              |     4 |    18 |    61 |     3 ||    86
       Kick              |     6 |    10 |    96 |     8 ||   120
       Punch             |       |     2 |     2 |       ||     4
       War axe           |       |       |    98 |    22 ||   120
Throw: Boomerang         |     7 |       |       |       ||     7
  Use: Scroll            |     6 |     6 |     6 |       ||    18
       Potion            |     1 |     2 |     2 |     2 ||     7
Armor: Leather armour    |     6 |       |       |       ||     6
       Scale mail        |     3 |    25 |    94 |    11 ||   133
Dodge: Dodged            |    15 |    33 |   115 |    11 ||   174
Block: Buckler           |       |       |    49 |     6 ||    55

Table legend:
 A = Non-vault XP
 B = Vault XP
 C = Vault XP percentage of total XP
 D = Non-vault monster count
 E = Vault monster count
 F = Vault count percentage of total count
                 A         B        C        D         E       F
            +---------+---------+-------+---------+---------+-------
      Total |    3116 |    2506 |  44.6 |      96 |      24 |  20.0
            +---------+---------+-------+---------+---------+-------
        D:1 |      13 |       0 |   0.0 |       9 |       0 |   0.0
        D:2 |     108 |       0 |   0.0 |       8 |       0 |   0.0
        D:3 |      16 |       0 |   0.0 |      10 |       0 |   0.0
        D:4 |     196 |     102 |  34.2 |       8 |       2 |  20.0
        D:5 |     934 |       0 |   0.0 |      21 |       0 |   0.0
        D:6 |     804 |      12 |   1.5 |      24 |       3 |  11.1
        D:7 |    1045 |    2251 |  68.3 |      16 |      10 |  38.5
      Sewer |       0 |     141 | 100.0 |       0 |       9 | 100.0
            +---------+---------+-------+---------+---------+-------
